 Dungeon Crawl Stone Soup version 0.21.1-1-g345015f (webtiles) character file.

43 Iko the Charmwright (level 3, -2/24 HPs)
             Began as an Octopode Skald on May 5, 2018.
             Killed from afar by Natasha (7 damage)
             ... with a magic dart
             ... on level 2 of the Dungeon.
             The game lasted 00:04:29 (263 turns).

Iko the Charmwright (Octopode Skald)                 Turns: 263, Time: 00:04:30

Health: -2/24      AC:  1    Str: 11    XL:     3   Next: 58%
Magic:  6/6        EV: 14    Int: 15    God:
Gold:   26         SH:  0    Dex: 11    Spells: 5/6 levels left

rFire    . . .     SeeInvis .   a - +0 short sword
rCold    . . .     Gourm    .   (no shield)
rNeg     . . .     Faith    .   (helmet restricted)
rPois    .         Spirit   .   (no amulet)
rElec    .         Reflect  .   (no ring)
rCorr    .         Harm     .   (no ring)
MR       .....                  (no ring)
Stlth    ++........             (no ring)
HPRegen  0.08/turn              (no ring)
MPRegen  0.10/turn              (no ring)
                                (no ring)
                                (no ring)

@: no status effects
A: almost no armour, stealthy swim, amphibious, 8 rings, constrict 8, camouflage
1, gelatinous body 1
a: no special abilities


You were on level 2 of the Dungeon.
You were not hungry.

You visited 1 branch of the dungeon, and saw 2 of its levels.

You collected 26 gold pieces.

Inventory:

Hand Weapons
 a - a +0 short sword (weapon)
Scrolls
 d - a scroll of teleportation
Books
 b - a book of Battle

   Spells                             Type                      Level
   a - Infusion                       Charms                       1
   b - Shroud of Golubria             Charms/Translocation         2
   c - Song of Slaying                Charms                       2
   d - Spectral Weapon                Hexes/Charms                 3
   e - Regeneration                   Charms/Necromancy            3
Comestibles
 c - 4 rations


   Skills:
 + Level 2.1 Fighting
 + Level 2.2 Short Blades
 + Level 2.9 Dodging
 + Level 1.1 Stealth
 + Level 2.2 Spellcasting
 + Level 3.5 Charms


You had 5 spell levels left.
You knew the following spells:

 Your Spells              Type           Power        Failure   Level  Hunger
a - Infusion              Chrm           ##..         4%          1    #......


Dungeon Overview and Level Annotations

Branches:
Dungeon (2/15)

Altars:

Annotations:
D:2 Natasha


Innate Abilities, Weirdness & Mutations

You cannot wear most types of armour.
You are very stealthy in the water. (Stealth+)
You are amphibious.
You can wear up to eight rings at the same time.
You can use your tentacles to constrict eight enemies at once.
Your skin changes colour to match your surroundings (Stealth+).
Your rubbery body absorbs attacks. (AC +1, EV +1)


Message History

The adder bites you.
You closely miss the adder. Your grab misses the adder.
The adder misses you. x2
You hit the adder. You grab the adder.
The adder is lightly wounded.
You constrict the adder. The adder bites you.
* * * LOW HITPOINT WARNING * * *
You hit the adder but do no damage.
The adder is moderately wounded.
You constrict the adder. The adder bites you but does no damage.
You hit the adder.
You kill the adder!
Your Stealth skill increases to level 1!
You see here an adder corpse.
A hobgoblin comes into view. It is wielding a club.
The hobgoblin shouts!
You hear an angry hiss.
Natasha, Servant of Life and Death comes into view.
A dart slug comes into view.
Natasha stares at you and mumbles some strange words.
The magic dart hits you!
You die...

##########
#........#
#........#
#........####
#...........
#.........#
#.........#
#....g.@..########
.....h.....†......#
.w.#######........#
. ###.......#
#............#
#............# ...
#.....####.### #.#
#..... #.# #.#
#..... #.# #.#


You could see Natasha, a dart slug and a hobgoblin.

Vanquished Creatures
  Jessica (D:2)
  An adder (D:2)
  A giant cockroach (D:1)
  3 hobgoblins
  A bat (D:2)
  A frilled lizard (D:1)
  A goblin (D:1)
  A kobold (D:1)
10 creatures vanquished.

Notes
Turn   | Place    | Note
-------+----------+-------------------------------------------
     0 | D:1      | Iko the Octopode Skald began the quest for the Orb.
     0 | D:1      | Reached XP level 1. HP: 14/14 MP: 3/3
   164 | D:2      | Noticed Jessica
   173 | D:2      | Killed Jessica
   173 | D:2      | Reached XP level 2. HP: 6/19 MP: 5/5
   173 | D:2      | Reached XP level 3. HP: 8/24 MP: 6/6
   256 | D:2      | Reached skill level 1 in Stealth
   261 | D:2      | Noticed Natasha
   263 | D:2      | Killed from afar by Natasha

Skill      XL: |  1  2  3 |
---------------+----------+-----
Stealth        | 1 |  1.1
Fighting       | |  2.1
Short Blades   | |  2.2
Dodging        | |  2.9
Spellcasting   | |  2.2
Charms         | |  3.5

Action                   || total
-------------------------++-------
Melee: Short sword       ||    28
       Constrict         ||     6
       Tentacles         ||     2
 Cast: Infusion          ||     1
  Use: Scroll            ||     3
       Potion            ||     1
 Stab: Sleeping          ||     3
Armor: Skin              ||     3
Dodge: Dodged            ||    13
